AoeStats
← jose_2616

Black Forest

507005080Analyzed
3v3 RM · 15d ago on Sep 16, 2026· 54m 20s· 6 players
Game mode
Random Map
Map size
Normal (6 player)
Population
200
Speed
Normal
Resources
Standard
Victory
Conquest
Starting age
Dark Age
Ending age
Imperial Age
RankedLock teamsTeams togetherTeam positionsShared explorationLock speedFull tech treeHidden civsTurbo modeCheats
Victory
Defeat
🇪🇸 Japanese · Spain
748
+12
🇵🇦 Armenians · Panama
725
+13
🇺🇸 Teutons · United States
614
+17
🇷🇴 Slavs · Romania
786
-19
🇺🇸 Portuguese · United States
707
-16
🇧🇷 Portuguese · Brazil
454
-7
josehgx
0:29 Loom
11:53 Feudal Age
18:36 Castle Age
24:51 Double-Bit Axe
25:01 Gold Mining
24:54 Horse Collar
35:25 Imperial Age
33:35 Wheelbarrow
33:06 Stone Mining
36:16 Sanctity
36:53 Bow Saw
36:46 Heavy Plow
37:24 Gold Shaft Mining
38:14 Pikeman
39:58 Chemistry
39:10 Masonry
39:27 Halberdier
41:36 Heavy Scorpion
42:23 Squires
42:12 Arson
45:41 Cavalier
46:38 Forging
46:18 Fletching
46:35 Scale Barding Armor
46:40 Husbandry
Twixxo
0:55 Loom
15:24 Feudal Age
16:08 Double-Bit Axe
17:07 Wheelbarrow
16:48 Horse Collar
23:51 Gold Mining
27:42 Castle Age
27:44 Stone Mining
28:22 Scale Mail Armor
29:09 Bow Saw
29:18 Heavy Plow
31:18 Hand Cart
33:24 Stone Shaft Mining
33:46 Forging
33:51 Chain Mail Armor
33:41 Scale Barding Armor
39:02 Imperial Age
38:32 Iron Casting
40:56 Chemistry
40:58 Blast Furnace
40:29 Plate Mail Armor
40:19 Chain Barding Armor
41:05 Crop Rotation
40:44 Pikeman
41:27 Squires
42:17 Fortified Wall
43:15 Chain Barding Armor
44:13 Masonry
44:08 Siege Engineers
45:46 Two-Man Saw
47:32 Plate Barding Armor
46:50 Elite Teutonic Knight
49:40 Redemption
49:30 Atonement
50:02 Cavalier
50:54 Bloodlines
53:20 Paladin
jose_2616
0:26 Loom
16:03 Feudal Age
22:08 Double-Bit Axe
22:53 Man-at-Arms
23:23 Arson
23:52 Forging
23:48 Horse Collar
24:16 Scale Mail Armor
24:31 Pikeman
27:35 Castle Age
30:34 Squires
30:20 Gambesons
30:27 Gambesons
31:02 Heavy Plow
31:26 Fletching
32:27 Padded Archer Armor
33:30 Bodkin Arrow
36:33 Wheelbarrow
37:27 Ballistics
37:02 Halberdier
38:03 Leather Archer Armor
40:20 Iron Casting
41:08 Chain Mail Armor
41:42 Man-at-Arms
42:42 Fortified Wall
42:44 Masonry
42:30 Murder Holes
42:54 Hand Cart
42:25 Town Watch
43:00 Bow Saw
43:00 Long Swordsman
44:44 Town Patrol
45:18 Two-Handed Swordsman
51:31 Imperial Age
51:06 Champion
52:14 Bracer
53:23 Conscription
52:45 Elite Composite Bowman
MilitaryTanck
1:11 Loom
12:45 Feudal Age
13:13 Double-Bit Axe
13:10 Horse Collar
14:24 Wheelbarrow
14:04 Gold Mining
15:55 Stone Mining
21:52 Castle Age
19:43 Man-at-Arms
20:38 Padded Archer Armor
21:49 Scale Mail Armor
22:09 Fletching
22:06 Pikeman
24:12 Heavy Plow
25:12 Squires
24:36 Crossbowman
25:46 Bow Saw
27:57 Hand Cart
29:20 Forging
39:55 Elite Skirmisher
44:55 Ballistics
46:11 Fortified Wall
45:58 Long Swordsman
47:25 Leather Archer Armor
48:01 Chain Mail Armor
48:58 Iron Casting
50:27 Bodkin Arrow
54:49 Imperial Age
53:31 Scale Barding Armor
renatomuzzi
1:44 Loom
15:42 Feudal Age
15:59 Man-at-Arms
24:48 Town Watch
25:40 Wheelbarrow
30:53 Castle Age
30:28 Arson
32:23 Double-Bit Axe
33:32 Pikeman
35:18 Gold Mining
36:52 Stone Mining
37:17 Bow Saw
37:13 Horse Collar
42:23 Stone Shaft Mining
42:29 Crossbowman
46:11 Padded Archer Armor
46:02 Fletching
46:14 Scale Mail Armor
47:01 Husbandry
47:44 Long Swordsman
48:09 Gambesons
53:29 Imperial Age
John Cena
0:30 Loom
14:20 Feudal Age
18:40 Castle Age
18:52 Double-Bit Axe
36:04 Imperial Age
36:13 Imperial Age
34:19 Wheelbarrow
33:29 Town Watch
33:41 Town Watch
33:51 Gold Mining
33:52 Stone Mining
33:48 Horse Collar
34:23 Bow Saw
34:28 Masonry
34:15 Murder Holes
34:55 Town Patrol
37:07 Caravan
40:17 Two-Man Saw
39:20 Heavy Plow
39:59 Stone Shaft Mining
40:26 Chemistry
39:46 Hand Cart
40:03 Guard Tower
40:25 Fortified Wall
40:21 Siege Engineers
40:46 Architecture
40:09 Heated Shot
42:14 Bombard Tower
42:30 Keep
42:17 Ballistics
42:28 Architecture
42:41 Crop Rotation
42:58 Elite Organ Gun
43:41 Circumnavigation
43:12 Sappers
44:02 Conscription
44:35 Husbandry
44:47 Bloodlines
44:47 Cavalier
46:33 Forging
46:23 Scale Mail Armor
46:29 Scale Barding Armor
46:15 Fletching
46:25 Padded Archer Armor
46:34 Capped Ram
47:47 Arquebus
Connection lost

Rejoining the realm…

Still unreachable

The connection could not be restored.

Session expired

The server has moved on; the page needs a fresh start.